 Dungeon Crawl Stone Soup version 0.30-a0-1053-gbd8d5ba0ad (webtiles) character file.

Game seed: 15750014528509641527

1222 BlueFish the Sneak (level 8, -7/54 HPs)
             Began as an Octopode Fighter on Apr 11, 2023.
             Killed by divine providence
             ... invoked by an orc priest
              (15 damage)
             ... on level 6 of the Dungeon.
             The game lasted 00:10:10 (4745 turns).

BlueFish the Sneak (Octopode Fighter)               Turns: 4745, Time: 00:10:10

Health: -7/54      AC:  8    Str: 18    XL:     8   Next: 47%
Magic:  11/11      EV: 13    Int: 10    God:
Gold:   440        SH:  6    Dex: 11    Spells: 12/12 levels left

rFire   . . .      SeeInvis .    C - +2 morningstar (protect)
rCold   . . .      Faith    .    b - +1 buckler
rNeg    . . .      Spirit   .    (helmet restricted)
rPois   .          Reflect  .    (no amulet)
rElec   .          Rampage  .    (no ring)
rCorr   .                        (no ring)
Will    .....                    (no ring)
Stlth   ++++                     (no ring)
HPRegen 0.29/turn                (no ring)
MPRegen 0.12/turn                (no ring)
                                 (no ring)
                                 (no ring)

@: under a protective aura
A: almost no armour, amphibious, 8 rings, camouflage 1, gelatinous body 1,
(nimble swimmer 1), tentacles
a: no special abilities


You were on level 6 of the Dungeon.
You visited 1 branch of the dungeon, and saw 6 of its levels.
You also visited: Ossuary.

You collected 440 gold pieces.

Inventory:

Hand Weapons
 d - a +2 mace of holy wrath
 p - a +0 sling
 C - a +2 morningstar of protection (weapon)
Missiles
 a - 2 boomerangs
 i - 16 poisoned darts
 q - 40 stones (quivered)
Armour
 b - a +1 buckler (worn)
Scrolls
 g - 7 scrolls of teleportation
 k - 3 scrolls of vulnerability
 n - a scroll of butterflies {unknown}
 o - a scroll of magic mapping {unknown}
 s - a scroll of enchant armour
 t - 2 scrolls of identify {unknown}
 v - 2 scrolls of fog {unknown}
 x - a scroll of blinking {unknown}
 y - a scroll of silence {unknown}
Potions
 c - a potion of might
 e - 5 potions of curing
 f - a potion of cancellation {unknown}
 h - 6 potions of mutation {unknown}
 j - 4 potions of degeneration {unknown}
 l - 2 potions of berserk rage {unknown}
 m - 2 potions of flight {unknown}
 r - 2 potions of brilliance {unknown}
 u - 2 potions of resistance {unknown}
 w - a potion of attraction {unknown}
 z - 2 potions of magic {unknown}
 A - 2 potions of ambrosia {unknown}
 B - a potion of haste {unknown}
 D - 2 potions of lignification {unknown}


   Skills:
 + Level 4.6 Fighting
 + Level 3.9 Maces & Flails
 + Level 2.5 Ranged Weapons
 + Level 2.9 Throwing
 + Level 4.5 Dodging
 * Level 6.1 Stealth
 + Level 4.6 Shields
 + Level 2.5 Spellcasting


You had 12 spell levels left.
You didn't know any spells.
Your spell library contained the following spells:

 Spells                   Type           Power      Damage    Failure   Level
 Summon Small Mammal      Summ           4%         N/A       36%         1
 Ensorcelled Hibernation  Hex/Ice        2%         N/A       50%         2
 Passwall                 Tmut/Erth      0%         N/A       50%         2
 Call Canine Familiar     Summ           1%         N/A       75%         3
 Summon Guardian Golem    Hex/Summ       1%         N/A       75%         3
 Swiftness                Air            1%         N/A       75%         3
 Airstrike                Air            0%         2d(1-17)  98%         4
 Arcjolt                  Conj/Air       0%         1d10      100%        5
 Starburst                Conj/Fire      0%         6d3       100%        6


Dungeon Overview and Level Annotations

Branches:
Dungeon (6/15)            Ossuary (visited)
 Temple: D:4-7

Altars:
Ashenzari
Hepliaklqana
Makhleb
Nemelex Xobeh
Qazlal
Trog
Uskayaw
Vehumet
Zin

Shops:
D:1 =   D:2 [


Innate Abilities, Weirdness & Mutations

You cannot wear most types of armour.
You are amphibious.
You can wear up to eight rings at the same time.
Your skin changes colour to match your surroundings (Stealth+).
Your rubbery body absorbs attacks. (AC +1, EV +1)
((You are camouflaged when in or above water. (Stealth+)))
You have tentacles for arms and can constrict up to eight enemies at once.


Message History

You sock the orc!
You kill the orc!
You block the orc's attack.
You puncture the orc!
You kill the orc!
Items here: )) [[ ††.
Things that are here:
a +0 flail; a +0 leather armour You see here a +0 war axe.
Things that are here:
a +0 flail; a +0 leather armour An orc wizard comes into view.
It is wielding a +0 dagger.
An orc wizard is nearby!
An orc priest comes into view. It is wielding a +0 mace.
The orc priest shouts!
The orc priest mumbles some strange prayers to Beogh against you.
Beogh smites you!
An orc priest comes into view. It is wielding a +4 hand axe.
The orc priest invokes the aid of Beogh against you.
Beogh smites you!
You hit the orc wizard.
Your weapon exudes an aura of protection.
You grab the orc wizard.
The orc wizard is lightly wounded.
You constrict the orc wizard.
The orc priest invokes the aid of Beogh against you.
Beogh smites you!
The orc wizard hits you but does no damage.
You puncture the orc wizard!
You kill the orc wizard!
The orc priest mumbles some strange prayers to Beogh against you.
Beogh smites you!
* * * LOW HITPOINT WARNING * * *
The orc priest begins to cast a cantrip, but forgets the words!
You hit the orc priest but do no damage.
Your grab misses the orc priest.
You squeeze the orc priest, but do no damage.
The orc priest calls down the wrath of Beogh upon you.
Beogh smites you!
You die...

#### #... #.## #.# #.#
#.# #.#
.#.##################)##
.....oo@............).).
##.#.################.##
#.# #.# #.# #.## #...
####


You could see 2 orc priests.

Vanquished Creatures
  3 ice beasts
  2 scorpions
  3 wights (D:4)
  A hound (D:5)
  3 jellies (D:5)
  2 orc priests (D:5)
  Jessica (D:2)
  2 iguanas
  A sleepcap (D:4)
  4 orc wizards
  8 mummies (Ossuary)
  2 gnolls (D:1)
  3 adders
  A white imp (D:4)
  3 worms
  3 dart slugs
  29 orcs
  7 ball pythons
  4 bats
  5 endoplasms
  5 giant cockroaches
  4 goblins
  9 hobgoblins
  4 jackals (D:3)
  6 quokkas
  A frilled lizard (D:2)
  A gnoll zombie (Ossuary)
  2 hobgoblin zombies (Ossuary)
  5 kobolds
  3 kobold zombies (Ossuary)
  2 orc zombies (Ossuary)
  7 rats
136 creatures vanquished.

Vanquished Creatures (others)
  2 plants (D:4)
2 creatures vanquished.

Grand Total: 138 creatures vanquished

Notes
Turn   | Place    | Note
-------+----------+-------------------------------------------
     0 | D:1      | BlueFish the Octopode Fighter began the quest for the Orb.
     0 | D:1      | Reached XP level 1. HP: 16/16 MP: 1/1
    80 | D:1      | Reached XP level 2. HP: 21/21 MP: 2/2
   187 | D:1      | Reached XP level 3. HP: 26/26 MP: 3/3
   288 | D:1      | Got the Commentary on Overcast Conjuration
   369 | D:1      | Found Niloerph's Jewellery Emporium.
   594 | D:2      | Noticed a scorpion
   602 | D:2      | Killed a scorpion
   603 | D:2      | Reached skill level 1 in Stealth
   603 | D:2      | Reached XP level 4. HP: 28/31 MP: 4/4
   618 | D:2      | Found Ackesinn's Armour Shop.
   694 | D:2      | Reached skill level 2 in Stealth
   848 | D:2      | Reached XP level 5. HP: 36/36 MP: 6/6
   908 | D:2      | Noticed Jessica
   912 | D:2      | Killed Jessica
   913 | D:2      | Reached skill level 1 in Throwing
  1094 | D:3      | Reached skill level 1 in Spellcasting
  1280 | D:3      | Reached skill level 3 in Stealth
  1329 | D:3      | Found a radiant altar of Vehumet.
  1331 | D:3      | Found a sparkling altar of Nemelex Xobeh.
  1334 | D:3      | Noticed a +0 dagger
  1335 | D:3      | Noticed a +0 dagger
  1338 | D:3      | Found a hide-covered altar of Uskayaw.
  1360 | D:3      | Reached XP level 6. HP: 35/43 MP: 7/7
  1420 | D:3      | Found a faded altar of an unknown god.
  1500 | D:3      | Found a stormy altar of Qazlal.
  2012 | D:4      | Found a sand-covered staircase.
  2021 | Ossuary  | Entered an ossuary
  2212 | Ossuary  | Reached skill level 1 in Ranged Weapons
  2413 | D:4      | Found a hazy altar of Hepliaklqana.
  2575 | D:4      | Found a burning altar of Makhleb.
  2853 | D:4      | Reached skill level 4 in Stealth
  2853 | D:4      | Reached XP level 7. HP: 43/48 MP: 6/9
  3059 | D:5      | Entered Level 5 of the Dungeon
  3179 | D:4      | HP: 2/48 [orc/+0 dagger of venom (4)]
  3359 | D:5      | Found a glowing silver altar of Zin.
  3425 | D:5      | Found a broken altar of Ashenzari.
  3530 | D:5      | Reached skill level 5 in Stealth
  3666 | D:5      | Reached XP level 8. HP: 54/54 MP: 11/11
  3930 | D:5      | Found a bloodstained altar of Trog.
  4304 | D:6      | Reached skill level 6 in Stealth
  4745 | D:6      | Killed from afar by an orc priest

Illustrated notes

Levels and vault maps discovered:
D:1:      scummos_arrival_checkerplants, layout_rooms, serial_shops,
          nicolae_shop_hallway_plus
D:2:      layout_basic, serial_shops, nicolae_shop_stone,
          kennysheep_jessica_study
D:3:      layout_loops_corners, dancing_weapons_uskayaw,
          mainiacjoe_overflow_24_doors, nicolae_overflow_hidden_temple,
          shapermc_ecumenical_altar_mp_ritualfount
D:4:      layout_rooms, mainiacjoe_overflow_chevrons,
          nzn_hepliaklqana_mist_gate, nicolae_ossuary_entry_ruins,
          minmay_misc_feat_room, small_statue_intersection
D:5:      layout_loops_cross, mainiacjoe_overflow_large_starburst,
          lightli_temple_of_fire
D:6:      layout_basic, hangedman_decor_clover_reticule

Skill      XL: |  1  2  3  4  5  6  7  8 |
---------------+-------------------------+-----
Stealth        | 1 2 3 4 5 6 |  6.1
Throwing       | 1 2 |  2.9
Spellcasting   | 1 2 |  2.5
Maces & Flails | 3 |  3.9
Ranged Weapons | 1 2 |  2.5
Fighting       | 4 |  4.6
Dodging        | 4 |  4.5
Shields        | 4 |  4.6

Action                     |  1- 3 |  4- 6 |  7- 9 || total
---------------------------+-------+-------+-------++-------
  Melee: Flail             |    42 |   132 |    25 ||   199
         Constrict         |    12 |    46 |    21 ||    79
         Tentacles         |     4 |    37 |    20 ||    61
         Punch             |       |     1 |       ||     1
         Morningstar       |       |       |    72 ||    72
  Throw: Stone             |       |     1 |     1 ||     2
    Use: Scroll            |       |     3 |       ||     3
         Potion            |       |       |     1 ||     1
   Stab: Sleeping          |     3 |    11 |     8 ||    22
         Distracted        |       |       |     1 ||     1
 Armour: Skin              |     5 |    34 |    13 ||    52
  Dodge: Dodged            |    26 |    75 |    50 ||   151
  Block: Buckler           |     6 |    26 |    22 ||    54

Table legend: (Time is in decaauts)
 A = Elapsed time spent in this place.
 B = Non-inter-level travel time spent in this place.
 C = Inter-level travel time spent in this place.
 D = Time resting spent in this place.
 E = Time spent auto-exploring this place.
 F = Levels seen in this place.
 G = Mean time per level.
                   A        B        C        D        E       F      G
               +--------+--------+--------+--------+--------+-----+--------+
         Total |   4828 |   4759 |     69 |    205 |   3463 |   7 |  689.7 |
       Dungeon |   4450 |   4381 |     69 |    205 |   3174 |   6 |  741.7 |
       Ossuary |    377 |    377 |      0 |      0 |    289 |   1 |  377.0 |
               +--------+--------+--------+--------+--------+-----+--------+

Top non-repeatable levels by time:
     D:5: 1066 daAuts
     D:3: 1026 daAuts
     D:4: 836 daAuts
     D:1: 586 daAuts
     D:6: 505 daAuts
     D:2: 429 daAuts
 Ossuary: 377 daAuts
